 Dungeon Crawl Stone Soup version 0.31.0-9-g3a7656b989 (webtiles) character file.

Game seed: 7321756633109969501

1546 qw the Skirmisher (level 8, 0/66 HPs)
             Began as a Demigod Hunter on Feb 2, 2024.
             Slain by an iguana (13 damage)
             ... on level 5 of the Dungeon.
             The game lasted 00:00:15 (3236 turns).

qw the Skirmisher (Demigod Hunter)                  Turns: 3236, Time: 00:00:16

Health: 0/66       AC:  4    Str: 12    XL:     8   Next: 31%
Magic:  10/10      EV: 17    Int: 11    God:
Gold:   273        SH:  0    Dex: 31    Spells: 7/7 levels left

rFire   . . .        a - +4 shortbow
rCold   . . .        (shield currently unavailable)
rNeg    . . .        k - +1 robe {Will+}
rPois   .            (no helmet)
rElec   .            (no cloak)
rCorr   .            m - +0 pair of gloves
SInv    .            (no boots)
Will    +....        (no amulet)
Stlth   +++          e - +6 ring of dexterity
HPRegen 0.31/turn    (no ring)
MPRegen 0.12/turn

%: no passive effects
@: lethally poisoned (0 -> -2), about to teleport
A: high MP 1, forlorn, divine attributes
a: no special abilities


You were on level 5 of the Dungeon.
You visited 1 branch of the dungeon, and saw 5 of its levels.

You collected 273 gold pieces.


Innate Abilities, Weirdness & Mutations

You have an increased reservoir of magic. (+10% MP)
You shall have no god before yourself.
Your divine heritage dramatically boosts your attributes as you level up.


   Skills:
 - Level 4.0 Fighting
 + Level 8.6 Ranged Weapons
 - Level 5.1 Dodging
 - Level 0.8 Stealth


You had 7 spell levels left.
You didn't know any spells.
Your spell library was empty.

Inventory:

Hand Weapons
 a - a +4 shortbow (weapon)
Armour
 i - a +0 ring mail
 k - a +1 robe of willpower (worn)
 m - a +0 pair of gloves (worn)
Jewellery
 e - a +6 ring of dexterity (left hand)
Wands
 n - a wand of roots (31)
Scrolls
 b - a scroll of enchant armour {unknown}
 c - a scroll of identify
Potions
 g - 4 potions of mutation
 h - a potion of attraction {unknown}
 j - a potion of curing
 l - 2 potions of enlightenment {unknown}

Dungeon Overview and Level Annotations

Branches:
Dungeon (5/15)             Temple (0/1) D:4

Annotations:
D:5 2 runed translucent doors


Message History

The killer bee poisons you! The killer bee misses you.
You shoot an arrow.
The arrow closely misses the killer bee.
You feel sick. The killer bee stings you.
You are more poisoned.
The killer bee poisons you! The killer bee closely misses you.
You shoot an arrow. The arrow misses the killer bee.
You feel very sick. The killer bee closely misses you. x2
You shoot an arrow. The arrow hits the killer bee.
The killer bee is almost dead.
You feel very sick.
The killer bee stings you but does no damage.
The killer bee completely misses you.
You shoot an arrow. The arrow barely misses the killer bee.
You feel sick. The killer bee barely misses you. The killer bee misses you.
You shoot an arrow.
The arrow closely misses the killer bee.
You feel sick. The killer bee closely misses you.
The killer bee stings you but does no damage.
You shoot an arrow. The arrow misses the killer bee.
You feel sick. The killer bee stings you! The killer bee stings you.
You are more poisoned.
The killer bee poisons you!
You shoot an arrow. The arrow hits the killer bee!
You kill the killer bee!
You feel very sick.
You shoot an arrow. The arrow hits the iguana.
The iguana is lightly wounded.
You feel sick. The iguana closely misses you.
3234 ||| READING scroll of teleportation.
As you read the scroll of teleportation, it crumbles to dust.
You feel strangely unstable.
You feel sick. The iguana barely misses you.
You shoot an arrow. The arrow closely misses the iguana.
You feel sick. The iguana misses you.
You shoot an arrow. The arrow hits the iguana.
The iguana is moderately wounded.
You feel sick. The iguana bites you!
You die...

......... .. #.#
..####### #.####.##
...## #.#.....# #...#
#...###'#
#...#########..##.#.#
#.#.........#..#%#.##
#.#########....#.###
#.# ##...#.# #.#
#...#@# #.#
##..##l...#
#.###########...######
#....................
#############.#.#..##
..............#.##..#
####.......####.# #.#
..............#.# ...
####.......##.#.. ..


You could see an iguana.

Vanquished Creatures
  Sigmund (D:3)
  4 yaks (D:5)
  2 black bears
  An ogre (D:5)
  A killer bee (D:5)
  A bombardier beetle (D:5)
  A howler monkey (D:5)
  2 hounds (D:4)
  An orc priest (D:5)
  3 jellies
  Ijyb (D:3)
  A sleepcap (D:5)
  7 adders
  3 gnolls (D:3)
  3 dart slugs
  A ribbon worm (D:2)
  3 orcs
  7 endoplasms
  4 giant cockroaches
  9 goblins
  6 hobgoblins
  4 jackals
  A quokka (D:2)
  10 ball pythons
  9 bats
  2 frilled lizards
  6 kobolds
  7 rats
101 creatures vanquished.

Notes
Turn   | Place    | Note
-------+----------+-------------------------------------------
     0 | D:1      | qw the Demigod Hunter began the quest for the Orb.
     0 | D:1      | Reached XP level 1. HP: 17/17 MP: 3/3
     0 | D:1      | 0 ||| qw: Version: 0.3-a-155-g5e7d8dd
     0 | D:1      | 0 ||| qw: Game counter: 149
     0 | D:1      | 0 ||| qw: Melee chars always use a shield: true
     0 | D:1      | 0 ||| qw: God list: Okawaru
     0 | D:1      | 0 ||| qw: Allow faded altars: false
     0 | D:1      | 0 ||| qw: Do Orc after clearing Dungeon:15 true
     0 | D:1      | 0 ||| qw: Do second Lair branch before Depths: true
     0 | D:1      | 0 ||| qw: Lair rune preference: random
     0 | D:1      | 0 ||| qw: Goals: Normal
     0 | D:1      | 0 ||| PLANNING D:1-11
    77 | D:1      | Reached skill level 4 in Ranged Weapons
   247 | D:1      | Reached XP level 2. HP: 24/24 MP: 4/4
   812 | D:1      | 812 ||| UPGRADING to +6 ring of dexterity.
   813 | D:1      | 813 ||| READING scroll labelled GOEMUU GURELYE.
   813 | D:1      | 813 ||| IDENTIFYING pink potion
   814 | D:1      | 814 ||| READING 3 scrolls labelled GYREAS LEYQ.
   819 | D:1      | 819 ||| READING scroll labelled TIS REMOCAS.
   820 | D:1      | 820 ||| READING scroll labelled YTRERPH ABAM.
   821 | D:1      | 821 ||| DRINKING 2 golden potions.
   822 | D:1      | 822 ||| DRINKING 2 bubbling dark potions.
   823 | D:1      | 823 ||| DROPPING scroll of butterflies.
   824 | D:1      | 824 ||| DROPPING potion of brilliance.
   844 | D:2      | 844 ||| STAIRDANCE
   856 | D:2      | 856 ||| STAIRDANCE
   867 | D:2      | 867 ||| STAIRDANCE
   885 | D:2      | Reached XP level 3. HP: 29/29 MP: 5/5
  1131 | D:2      | Reached skill level 5 in Ranged Weapons
  1315 | D:2      | 1315 ||| UPGRADING to +0 pair of gloves.
  1320 | D:2      | 1320 ||| READING scroll of identify.
  1320 | D:2      | 1320 ||| IDENTIFYING metallic golden potion
  1321 | D:2      | 1321 ||| READING scroll labelled BUNIST COUTEL.
  1321 | D:2      | 1321 ||| ENCHANTING +0 shortbow.
  1322 | D:2      | 1322 ||| READING scroll labelled EMOAPN JAOTATI.
  1340 | D:3      | 1340 ||| STAIRDANCE
  1360 | D:3      | 1360 ||| STAIRDANCE
  1482 | D:3      | Reached XP level 4. HP: 36/36 MP: 6/6
  1542 | D:3      | Reached skill level 3 in Dodging
  1573 | D:3      | 1573 ||| FLEEEEING.
  1574 | D:3      | 1574 ||| FLEEEEING.
  1733 | D:3      | Noticed Sigmund
  1743 | D:3      | Killed Sigmund
  1744 | D:3      | Reached skill level 6 in Ranged Weapons
  1744 | D:3      | Reached XP level 5. HP: 32/41 MP: 7/7
  1817 | D:3      | Noticed Ijyb
  1831 | D:3      | Killed Ijyb
  1832 | D:3      | Reached XP level 6. HP: 20/50 MP: 8/8
  2086 | D:3      | 2086 ||| UPGRADING to +0 ring mail.
  2096 | D:3      | 2096 ||| DROPPING +0 leather armour.
  2097 | D:3      | 2097 ||| UPGRADING to +1 robe of willpower.
  2107 | D:3      | 2107 ||| DROPPING ring of magical power.
  2108 | D:3      | 2108 ||| READING scroll labelled ZOECEP SEXA.
  2147 | D:4      | Reached skill level 3 in Fighting
  2150 | D:4      | Found a staircase to the Ecumenical Temple.
  2171 | D:4      | 2171 ||| READING scroll of enchant weapon.
  2171 | D:4      | 2171 ||| ENCHANTING +1 shortbow.
  2186 | D:4      | 2186 ||| READING scroll of enchant weapon.
  2186 | D:4      | 2186 ||| ENCHANTING +2 shortbow.
  2271 | D:4      | 2271 ||| READING scroll of enchant weapon.
  2271 | D:4      | 2271 ||| ENCHANTING +3 shortbow.
  2721 | D:4      | 2721 ||| READING scroll labelled RAM PUNAUSSE.
  2760 | D:5      | Entered Level 5 of the Dungeon
  2773 | D:5      | Reached XP level 7. HP: 40/57 MP: 9/9
  2884 | D:5      | Reached skill level 7 in Ranged Weapons
  2915 | D:5      | Noticed a yak
  2915 | D:5      | Noticed a yak
  2916 | D:5      | 2916 ||| RETREEEEATING.
  2918 | D:5      | 2918 ||| RETREEEEATING.
  2920 | D:5      | 2920 ||| RETREEEEATING.
  2922 | D:5      | 2922 ||| RETREEEEATING.
  2924 | D:5      | 2924 ||| RETREEEEATING.
  2925 | D:5      | Noticed a yak
  2927 | D:5      | 2927 ||| RETREEEEATING.
  2927 | D:5      | Noticed a yak
  2932 | D:5      | Killed a yak
  2942 | D:5      | Killed a yak
  2943 | D:5      | Reached skill level 8 in Ranged Weapons
  2947 | D:5      | Killed a yak
  2952 | D:5      | HP: 9/59 [yak (12)]
  2953 | D:5      | 2953 ||| READING 2 scrolls of teleportation.
  2954 | D:5      | 2954 ||| DRINKING potion of heal wounds.
  3066 | D:5      | Killed a yak
  3067 | D:5      | Reached XP level 8. HP: 57/66 MP: 10/10
  3181 | D:5      | Found a large runed translucent door.
  3181 | D:5      | Found a large runed translucent door.
  3233 | D:5      | HP: 16/66 [poisoned by a killer bee]
  3234 | D:5      | 3234 ||| READING scroll of teleportation.
  3236 | D:5      | Slain by an iguana

Levels and vault maps discovered:
D:1:      psy_arrival_spokes, layout_loops_ring, fountainhead, chequers_avenue,
          roderic_lattice_a, minmay_indecisive_spiral
D:2:      layout_rooms, basic_altar, chequers_serial_rivers_marsh,
          minmay_strange_pillars
D:3:      layout_rooms, lemuel_round_altar, uniq_sigmund, uniq_ijyb
D:4:      layout_cave_pools, nicolae_overflow_hidden_temple,
          mainiacjoe_overflow_catwalk_spiral, minmay_temple_entry_glass
D:5:      layout_basic, minmay_hollow_rounded_squares

Skill      XL: |  1  2  3  4  5  6  7  8 |
---------------+-------------------------+-----
Ranged Weapons | 4 5 6 8 |  8.6
Fighting       | 2 3 4 |  4.0
Dodging        | 2 3 4 5 |  5.1
Stealth        | |  0.8

Action                     |  1- 3 |  4- 6 |  7- 9 || total
---------------------------+-------+-------+-------++-------
   Fire: Shortbow          |   143 |   128 |    81 ||   352
    Use: Scroll            |     7 |     5 |     2 ||    14
         Potion            |     2 |       |     1 ||     3
 Armour: Leather armour    |    27 |    16 |       ||    43
         Robe              |       |    11 |    19 ||    30
  Dodge: Dodged            |    54 |    34 |    30 ||   118

Table legend:
 A = Non-vault XP
 B = Vault XP
 C = Vault XP percentage of total XP
 D = Non-vault monster count
 E = Vault monster count
 F = Vault count percentage of total count
                 A         B        C        D         E       F
            +---------+---------+-------+---------+---------+-------
      Total |    1674 |     535 |  24.2 |      91 |      10 |   9.9
            +---------+---------+-------+---------+---------+-------
        D:1 |      38 |       6 |  13.6 |      23 |       4 |  14.8
        D:2 |      66 |       0 |   0.0 |      23 |       0 |   0.0
        D:3 |      90 |     275 |  75.3 |      18 |       2 |  10.0
        D:4 |     352 |       0 |   0.0 |      17 |       0 |   0.0
        D:5 |    1128 |     254 |  18.4 |      10 |       4 |  28.6
            +---------+---------+-------+---------+---------+-------
